 Dungeon Crawl Stone Soup version 0.30.0-2-g1aa4bd4387 (webtiles) character file.

Game seed: 12278998569727221604

15 Jarnaxa the Stinger (level 2, 20/20 HPs)
             Began as a Gnoll Wanderer on May 7, 2023.
             Quit the game on level 1 of the Dungeon.
             The game lasted 00:01:46 (395 turns).

Jarnaxa the Stinger (Gnoll Wanderer)                 Turns: 395, Time: 00:01:46

Health: 20/20      AC:  3    Str:  8    XL:     2   Next: 50%
Magic:  5/5        EV: 13    Int: 10    God:
Gold:   80         SH:  0    Dex: 17    Spells: 5/6 levels left

rFire   . . .        a - +0 quarterstaff
rCold   . . .        (shield currently unavailable)
rNeg    . . .        d - +0 robe
rPois   .            b - +0 helmet
rElec   .            (no cloak)
rCorr   .            (no gloves)
SInv    .            (no boots)
Will    .....        (no amulet)
Stlth   ++           (no ring)
HPRegen 0.23/turn    (no ring)
MPRegen 0.09/turn

%: no passive effects
@: no status effects
A: fangs 1, strong nose, distributed training, hooves 1, agile 1
a: no special abilities


You were on level 1 of the Dungeon.
You visited 1 branch of the dungeon, and saw 1 of its levels.

You collected 80 gold pieces.

Inventory:

Hand Weapons
 a - a +0 quarterstaff (weapon)
Armour
 b - a +0 helmet (worn)
 d - a +0 robe (worn)
Scrolls
 c - 2 scrolls of immolation {unknown}
 h - a scroll of brand weapon {unknown}
Potions
 e - a potion of flight {unknown}
 f - 2 potions of heal wounds {unknown}
 g - 2 potions of degeneration {unknown}


   Skills:
 + Level 0.5 Fighting
 + Level 0.5 Short Blades
 + Level 0.5 Long Blades
 + Level 0.5 Axes
 + Level 0.5 Maces & Flails
 + Level 0.5 Polearms
 + Level 6.5 Staves
 + Level 0.5 Ranged Weapons
 + Level 0.5 Throwing
 + Level 0.5 Armour
 + Level 2.5 Dodging
 + Level 0.5 Stealth
 + Level 0.5 Shields
 + Level 0.5 Unarmed Combat
 + Level 2.7 Spellcasting
 + Level 0.3 Conjurations
 + Level 0.3 Hexes
 + Level 0.3 Summonings
 + Level 0.3 Necromancy
 + Level 0.3 Translocations
 + Level 0.3 Transmutations
 + Level 0.3 Fire Magic
 + Level 0.3 Ice Magic
 + Level 0.3 Air Magic
 + Level 0.3 Earth Magic
 + Level 7.0 Poison Magic
 + Level 2.5 Invocations
 + Level 0.5 Evocations


You had 5 spell levels left.
You knew the following spells:

 Your Spells              Type           Power      Damage    Failure   Level
a - Sting                 Tmut/Pois      32%        1d4       6%          1

Your spell library contained the following spells:

 Spells                   Type           Power      Damage    Failure   Level
 Poisonous Vapours        Pois/Air       16%        N/A       10%         2
 Mephitic Cloud           Conj/Pois/Air  6%         N/A       30%         3


Dungeon Overview and Level Annotations

Branches:
Dungeon (1/15)

Altars:

Shops:
D:1 *


Innate Abilities, Weirdness & Mutations

You have very sharp teeth.
Your uncanny sense of smell can sniff out nearby items.
Your experience applies equally to all skills.
You have large cloven feet.
You are agile. (Dex +4, Str/Int -1)


Message History

There is an entrance to Gielaq's General Store here.
Unknown command.
You now have 80 gold pieces (gained 1).
A quokka comes into view.
A quokka is nearby!
You can't see any susceptible monsters within range! (Use Z to cast anyway.)
You hit the quokka but do no damage. The quokka bites you.
You hit the quokka.
The quokka is heavily wounded.
The quokka closely misses you.
You barely miss the quokka. You kick the quokka.
The quokka is severely wounded.
The quokka bites you but does no damage.
You miss the quokka. Your kick misses the quokka.
The quokka is severely wounded.
The quokka closely misses you.
You hit the quokka but do no damage.
The quokka is severely wounded.
The quokka barely misses you.
You barely miss the quokka. You kick the quokka.
You kill the quokka!
No target in view!
No target in view!
No target in view!
No target in view!
No target in view!
No target in view!
No target in view!
You see here a +0 ring mail.
There is a stone staircase leading down here.
Done exploring.
Done exploring.
Done exploring.
Done exploring.
Done exploring.
Done exploring.
Done exploring.
Done exploring.
There is a stone staircase leading down here.
Are you sure you want to abandon this character and quit the game? (Confirm with "yes".)

#.........## #..........÷.##.....
##...#..††## #...................
########.†# #...........##....#.
##.###..........###....##
###.........#...## ##...#8
##....###.###..### #...#.
##..#### #.....## #.....
####..#######..#### #.....
#.............@# #.....
###.##.#########.#### #.....
.......#########....## ######
.........#.....####..###
................####...##
.................#####..#########
.......>...)....................#
[.>..........)...################
.............†...#


There were no monsters in sight!

Vanquished Creatures
  A dart slug (D:1)
  2 hobgoblins (D:1)
  A kobold (D:1)
  2 quokkas (D:1)
  2 ball pythons (D:1)
  5 bats (D:1)
  A frilled lizard (D:1)
14 creatures vanquished.

Notes
Turn   | Place    | Note
-------+----------+-------------------------------------------
     0 | D:1      | Jarnaxa the Gnoll Wanderer began the quest for the Orb.
     0 | D:1      | Jarnaxa set off with the following items: a +0
                  | quarterstaff, a +0 helmet, a potion of mutation, a +0 robe;
                  | and the following spell memorised: Sting; and the following
                  | spells available to memorise: Poisonous Vapours, Mephitic
                  | Cloud.
     0 | D:1      | Reached XP level 1. HP: 13/13 MP: 4/4
     0 | D:1      | Gained mutation: You are agile. (Dex +4, Str/Int -1)
                  | [potion of mutation]
     0 | D:1      | Gained mutation: You have large cloven feet. [potion of
                  | mutation]
   138 | D:1      | Reached XP level 2. HP: 19/19 MP: 5/5
   218 | D:1      | Found Gielaq's General Store.
   395 | D:1      | Quit the game

Illustrated notes

Levels and vault maps discovered:
D:1:      eino_arrival_water_star, layout_rooms, serial_shops, shop

Action                     || total
---------------------------++-------
  Melee: Quarterstaff      ||    31
         Bite              ||     2
         Kick              ||     6
    Use: Potion            ||     1
 Armour: Robe              ||     6
  Dodge: Dodged            ||    37
